 Dungeon Crawl Stone Soup version 0.28-a0-1447-ga5a8893891 (webtiles) character file.

Game seed: 15734934981468679706

1221840 kaffeinatedkobold the Petrodigitator (level 27, 189/192 HPs)
             Began as a Kobold Conjurer on Jan 8, 2022.
             Was the Champion of Vehumet.
             Escaped with the Orb
             ... and 3 runes on Jan 10, 2022!
             The game lasted 18:35:00 (161026 turns).

kaffeinatedkobold the Petrodigitator (KoCj)       Turns: 161026, Time: 18:35:01

Health: 189/192    AC: 22    Str:  5    XL:     27
Magic:  24/49      EV: 32    Int: 35    God:    Vehumet [******]
Gold:   6118       SH: 20    Dex: 19    Spells: 0/52 levels left

rFire   + + +      SeeInvis .   a - +6 rapier of Contradiction {spect, rF- rN+++ rCorr Int+5}
rCold   + + +      Faith    .   A - +2 shield of Resistance {rF++ rC++ Will++}
rNeg    + + +      Spirit   .   B - +2 robe {rC+ rF+}
rPois   +          Reflect  +   C - +2 hood of the Assassin {Detection Stab+ Stlth++}
rElec   .          Harm     .   D - +2 cloak {rPois}
rCorr   +          Rampage  +   E - +1 pair of gloves "Vetheim" {Rampage rF+ MP+9 Stlth+}
Will    ++++.                   F - +2 pair of boots {Fly}
Stlth   ++........              G - amulet of reflection
HPRegen 0.42/turn               q - +4 ring of protection
MPRegen 0.31/turn               I - ring of Daffodils {Fly rCorr AC+4 Dex+3}

@: flying, studying Bows
A: small, no large weapons, nightstalker 3, horns 1, cold resistance 1, mutation
resistance 1, MP-powered wands
0: Orb of Zot
}: 3/15 runes: decaying, silver, gossamer
a: Renounce Religion


You escaped.
You worshipped Vehumet.
Vehumet was exalted by your worship.
You visited 11 branches of the dungeon, and saw 54 of its levels.
You also visited: Trove and Gauntlet.

You collected 9229 gold pieces.
You spent 3111 gold pieces at shops.

Inventory:

Hand Weapons
 a - the +6 rapier of Contradiction (weapon) {spect, rF- rN+++ rCorr Int+5}
   (You took it off a deep elf annihilator on level 5 of the Vaults)

   When its wielder attacks, the weapon's spirit leaps out and strikes again.
   The spirit shares a part of any damage it takes with its wielder.
   Int:       It affects your intelligence (+5).
   rF:        It makes you vulnerable to fire.
   rN:        It renders you almost immune to negative energy.
   rCorr:     It protects you from acid and corrosion.
 b - the +8 dagger of the Land of Plenty {vorpal, *Rage rPois Str+3 SInv}
   (You took it off an orc on level 3 of the Dungeon)

   It inflicts extra damage upon your enemies.
   Str:       It affects your strength (+3).
   rPois:     It protects you from poison.
   SInv:      It lets you see invisible.
   *Rage:     It berserks you when you make melee attacks (+20% chance).
Missiles
 c - 1456 stones (quivered)
Armour
 A - the +2 shield of Resistance (worn) {rF++ rC++ Will++}
   (You found it on level 12 of the Dungeon)

   rF:        It greatly protects you from fire.
   rC:        It greatly protects you from cold.
   Will:      It greatly increases your willpower.
 B - a +2 robe of resistance (worn)
 C - the +2 hood of the Assassin (worn) {Detection Stab+ Stlth++}
   (You found it on level 5 of the Vaults)

   It allows the wearer to sense nearby creatures.
   It allows the wearer to make particularly effective stabbing attacks against
   helpless or unaware enemies with any weapon.
   Stlth:     It makes you much more stealthy.
 D - a +2 cloak of poison resistance (worn)
 E - the +1 pair of gloves "Vetheim" (worn) {Rampage rF+ MP+9 Stlth+}
   (You found it on level 1 of the Lair of Beasts)

   rF:        It protects you from fire.
   MP:        It affects your magic capacity (+9).
   Rampage:   It bestows one free step when moving towards enemies.
   Stlth:     It makes you more stealthy.
 F - a +2 pair of boots of flying (worn)
Jewellery
 o - a ring of willpower
 q - a +4 ring of protection (left hand)
 G - an amulet of reflection (around neck)
 H - a +6 ring of intelligence
 I - the ring of Daffodils (right hand) {Fly rCorr AC+4 Dex+3}
   (You found it in a treasure trove)

   [ring of protection]

   AC:        It affects your AC (+4).
   Dex:       It affects your dexterity (+3).
   Fly:       It grants you flight.
   rCorr:     It protects you from acid and corrosion.
Wands
 f - a wand of mindburst (30)
 l - a wand of digging (4)
 r - a wand of paralysis (12)
 s - a wand of polymorph (32)
 M - a wand of flame (41)
 S - a wand of acid (3)
 V - a wand of iceblast (14)
 Y - a wand of charming (9)
Scrolls
 g - 8 scrolls of teleportation
 p - 7 scrolls of amnesia
 t - 3 scrolls of silence
 x - 2 scrolls of immolation
 K - 2 scrolls of fog
 L - a scroll of blinking
 O - a scroll of holy word
 Q - 9 scrolls of fear
Potions
 d - 4 potions of brilliance
 i - a potion of might
 k - 9 potions of lignification
 m - 2 potions of resistance
 n - 5 potions of invisibility
 u - 7 potions of ambrosia
 z - a potion of attraction
 J - 3 potions of curing
 N - a potion of magic
 T - 9 potions of mutation
 W - 5 potions of heal wounds
 X - 2 potions of cancellation
Miscellaneous
 e - a condenser vane
 h - a lightning rod (4/4)
 v - a phial of floods
 w - a piece from Xom's chessboard (15/15)
 y - a phantom mirror (inert)
 P - a box of beasts
 U - a tin of tremorstones (2/2)


   Skills:
 + Level 24.8 Fighting
 - Level 14.0 Short Blades
 - Level 25.0 Dodging
 - Level 3.0 Stealth
 - Level 10.0 Shields
 - Level 13.0 Spellcasting
 - Level 20.0 Conjurations
 - Level 2.0 Translocations
 O Level 27 Earth Magic
 - Level 15.0 Evocations


You couldn't memorise any spells.
You knew the following spells:

 Your Spells              Type           Power      Damage    Failure   Level
a - Borgnjor's Vile Clut  Necr/Erth      43%        N/A       1%          5
b - Passwall              Tmut/Erth      72%        N/A       1%          2
c - Iskenderun's Mystic   Conj/Tloc      79%        2d16      1%          4
d - Sandblast             Erth           100%       2d20      0%          1
e - Iron Shot             Conj/Erth      56%        9d11      1%          6
f - Orb of Destruction    Conj           52%        9d16      1%          7
g - Lee's Rapid Deconstr  Erth           59%        3d28*     0%          5
h - Blink                 Tloc           72%        N/A       3%          2
i - Stone Arrow           Conj/Erth      100%       3d13      0%          3
j - Lehudib's Crystal Sp  Conj/Erth      56%        10d13     1%          8
k - Shatter               Erth           59%        3d44*     2%          9

Your spell library contained the following spells:

 Spells                   Type           Power      Damage    Failure   Level
 Ignition                 Fire           11%        3d5       100%        8
 Polar Vortex             Ice            11%        N/A       100%        9
 Magic Dart               Conj           100%       1d8       0%          1
 Searing Ray              Conj           100%       2d8       0%          2
 Freeze                   Ice            88%        1d10      1%          1
 Conjure Flame            Conj/Fire      75%        6-21      1%          3
 Dazzling Flash           Conj/Hex       100%       N/A       1%          3
 Mephitic Cloud           Conj/Pois/Air  62%        N/A       1%          3
 Flame Wave               Conj/Fire      75%        2d11      1%          4
 Fulminant Prism          Conj/Hex       37%        3d18      1%          4
 Hailstorm                Conj/Ice       75%        3d15      1%          4
 Sticky Flame             Conj/Fire      75%        2d9       1%          4
 Fireball                 Conj/Fire      37%        3d15      1%          5
 Irradiate                Conj/Tmut      37%        3d26      1%          5
 Iskenderun's Battlesphe  Conj           100%       2d15      1%          5
 Lightning Bolt           Conj/Air       37%        1d56      1%          5
 Apportation              Tloc           72%        N/A       2%          1
 Poisonous Vapours        Pois/Air       44%        N/A       2%          2
 Freezing Cloud           Conj/Ice/Air   31%        6-21      3%          5
 Frozen Ramparts          Ice            44%        1d6       4%          3
 Ignite Poison            Fire/Tmut/Pois 22%        N/A       4%          3
 Inner Flame              Hex/Fire       22%        N/A       4%          3
 Conjure Ball Lightning   Conj/Air       37%        3x3d12    4%          6
 Starburst                Conj/Fire      37%        6d11      4%          6
 Animate Skeleton         Necr           44%        N/A       6%          1
 Beastly Appendage        Tmut           44%        N/A       6%          1
 Pain                     Necr           88%        1d8       6%          1
 Summon Small Mammal      Summ           88%        N/A       6%          1
 Lesser Beckoning         Tloc           36%        N/A       8%          3
 Call Imp                 Summ           22%        N/A       9%          2
 Corpse Rot               Necr/Air       44%        N/A       9%          2
 Ensorcelled Hibernation  Hex/Ice        44%        N/A       9%          2
 Wereblood                Tmut           22%        N/A       9%          2
 Airstrike                Air            11%        N/A       16%         4
 Confusing Touch          Hex            22%        N/A       17%         3
 Spider Form              Tmut/Pois      22%        N/A       17%         3
 Summon Guardian Golem    Hex/Summ       22%        N/A       17%         3
 Swiftness                Air            22%        N/A       17%         3
 Tukima's Dance           Hex            22%        N/A       17%         3
 Spellforged Servitor     Conj/Summ      37%        N/A       21%         7
 Passage of Golubria      Tloc           36%        N/A       26%         4
 Yara's Violent Unravell  Hex/Tmut       11%        3d6       36%         5
 Animate Dead             Necr           11%        N/A       50%         4
 Cause Fear               Hex            11%        N/A       50%         4
 Dispel Undead            Necr           22%        3d12      50%         4
 Ice Form                 Ice/Tmut       22%        N/A       50%         4
 Summon Ice Beast         Ice/Summ       22%        N/A       50%         4
 Summon Lightning Spire   Summ/Air       22%        N/A       50%         4
 Manifold Assault         Tloc           36%        N/A       56%         5
 Summon Forest            Summ/Tloc      14%        N/A       71%         5
 Agony                    Necr           22%        N/A       85%         5
 Alistair's Intoxication  Tmut/Pois      14%        N/A       85%         5
 Excruciating Wounds      Necr           11%        N/A       85%         5
 Silence                  Hex/Air        11%        N/A       85%         5
 Summon Mana Viper        Hex/Summ       22%        N/A       85%         5
 Eringya's Noxious Bog    Tmut/Pois      11%        N/A       88%         6
 Death Channel            Necr           11%        N/A       100%        6
 Simulacrum               Ice/Necr       11%        N/A       100%        6
 Enfeeble                 Hex            11%        N/A       100%        7
 Ozocubu's Refrigeration  Ice            11%        4d7       100%        7
 Summon Hydra             Summ           11%        N/A       100%        7
 Borgnjor's Revivificati  Necr           11%        N/A       100%        8
 Discord                  Hex            11%        N/A       100%        8
 Disjunction              Tloc           18%        N/A       100%        8
 Necromutation            Tmut/Necr      11%        N/A       100%        8


Dungeon Overview and Level Annotations

Branches:
Dungeon (15/15)            Temple (1/1) D:4            Lair (6/6) D:8
  Swamp (4/4) Lair:3       Spider (4/4) Lair:3        Slime (5/5) Lair:6
    Orc (2/2) D:12            Elf (3/3) Orc:2        Vaults (5/5) D:14
  Crypt (0/3) Vaults:2     Depths (4/4) D:15            Zot (5/5) Depths:4
Gauntlet (visited)

Altars:
Ashenzari
Cheibriados
Dithmenos
Elyvilon
Fedhas
Gozag
Hepliaklqana
Kikubaaqudgha
Makhleb
Nemelex Xobeh
Okawaru
Qazlal
Ru
Sif Muna
Trog
Uskayaw
Vehumet
Wu Jian
Xom
Yredelemnul
Zin
The Shining One
Beogh
Jiyva

Shops:
D:4 *   D:8 ?   Orc:2 :*(:   Elf:3 ?   Depths:4 [[(!

Portals:
Hell: Depths:1 Depths:2 Depths:3 Depths:4
Abyss: Depths:3
Pandemonium: Depths:2 Depths:3
Ziggurat: Depths:3

Annotations:
D:8 player stash near lair
Slime:5 Royal Jelly
Zot:2 3 runed translucent doors, 1 exclusion, RepHenryClay's ghost, master GnWn


Innate Abilities, Weirdness & Mutations

You are small and have problems with some larger weapons.
You are completely attuned to the shadows.
You have a pair of small horns on your head.
Your flesh is cold resistant. (rC+)
You are somewhat resistant to further mutation.
You expend magic power (3 MP) to strengthen your wands.


Message History

The seraph begins to accept its allies' injuries.
The daeva calls down the wrath of the Shining One upon you.
The Shining One smites you!
There is a stone staircase leading up here.
You fly upwards.
There is a stone staircase leading down here.
You start resting.
An Orb Guardian comes into view.
Aiming: Lehudib's Crystal Spear (mildly dangerous; 1% risk of failure)
Press: ? - help, Shift-Dir - straight line, f - Orb Guardian
Aim: an Orb Guardian (wandering, hasn't noticed you, 76% to hit)
Okay, then.
Aiming: Dig
Press: ? - help, Shift-Dir - straight line You can't see that place.
You feel a surge of power!
The rock shatters into small pieces.
Aiming: Lehudib's Crystal Spear (mildly dangerous; 1% risk of failure)
Press: ? - help, Shift-Dir - straight line, f - Orb Guardian
Aim: an Orb Guardian (76% to hit)
The crystal spear hits the Orb Guardian!!!
The Orb Guardian is severely wounded.
Aiming: Lehudib's Crystal Spear (mildly dangerous; 1% risk of failure)
Press: ? - help, Shift-Dir - straight line, f/p - Orb Guardian
Aim: an Orb Guardian (severely wounded, 76% to hit)
The crystal spear hits the Orb Guardian!!!!
You kill the Orb Guardian!
Vehumet accepts your kill.
Aiming: Dig
Press: ? - help, Shift-Dir - straight line A rock wall.
This square is covered in magical glow.
You feel a surge of power!
The rock shatters into small pieces.
Aiming: Dig
Press: ? - help, Shift-Dir - straight line A rock wall.
This square is covered in magical glow.
You feel a surge of power!
The rock shatters into small pieces.
There is a staircase leading out of the dungeon here.
You can't go down here!
You have escaped!

...............# ##..###.#
#......#######.# ##.### #.#
# ######.# #.# ##.## #.# #
# #.# #.# ##.## #.### # #.#
#.# ##.########....
######.# #.####.##
#......##. .......#
#..##.## #.########
.################.######.#
# .## #...#...#.@.#...##.#
# ..## #...#...#...#...##.#
# ...##
##'###'###'###'###.## #
....###...............##..#
#
......'.......##......###.#
....###...............# #.#
...##.##'###'###'###'## #.#
...##.#...#...#...#...# #.#
.#.##.#...#...#...#...# #.#


There were no monsters in sight!

Vanquished Creatures
  2 dread liches (Zot:5)
  5 orbs of fire
  4 ancient liches
  10 Killer Klowns
  5 caustic shrikes
  A curse toe (Zot:5)
  16 golden dragons
  Nikola (Elf:1)
  Arachne (Spider:2)
  3 electric golems
  Jorgrun (D:15)
  15 tentacled monstrosities
  An Ice Fiend (D:13)
  27 Orb Guardians
  2 liches
  A walking frostbound tome (Depths:2)
  2 walking earthen tomes
  10 titans
  9 quicksilver dragons
  8 sphinxes
  2 deep elf master archers (Elf:3)
  7 acid blobs
  3 deep elf blademasters (Elf:3)
  Frances (Elf:1)
  An ancient champion (Vaults:2)
  14 shadow dragons
  13 death cobs
  A thorn hunter (Swamp:3)
  Kirke (Swamp:2)
  17 tengu reavers
  A fenstrider witch (Swamp:3)
  5 draconian monks
  14 storm dragons
  7 rockslimes
  Donald (Orc:2)
  6 azure jellies
  17 vault wardens
  3 orc warlords
  4 draconian knights
  5 iron dragons
  A juggernaut zombie (Depths:1)
  3 emperor scorpions (Spider:4)
  2 draconian scorchers
  2 caustic shrike zombies (Depths:1)
  2 balrugs
  Aizul (Spider:1)
  14 ghost moths
  8 frost giants
  4 deep elf sorcerers (Elf:3)
  A cacodemon (Gauntlet)
  9 fire giants
  2 draconian shifters
  5 deep elf elementalists (Elf:3)
  2 broodmothers
  18 ironbound preservers
  5 quicksilver oozes
  A reaper (Depths:3)
  5 spriggan defenders
  7 draconian annihilators
  2 vampire knights
  2 draconian stormcallers
  26 very ugly things
  3 deep elf demonologists
  4 war gargoyles
  24 stone giants
  2 eleionomae (Swamp:2)
  A bunyip (Swamp:1)
  7 ironbound thunderhulks
  The ghost of Strat the Impaler, a journeyman MfWn of Fedhas (Lair:6)
  9 green draconians
  9 yellow draconians
  5 entropy weavers
  11 deep elf annihilators
  Azrael (D:12)
  11 white draconians
  16 red draconians
  8 spark wasps
  10 black draconians
  8 purple draconians
  7 dire elephants
  2 minotaurs
  8 ettins
  4 deep elf death magi
  A blizzard demon (Depths:3)
  A green death (Gauntlet)
  6 great orbs of eyes
  2 shambling mangroves
  A merfolk impaler (Depths:1)
  11 deep elf high priests
  2 crystal guardians
  10 fire dragons
  4 spriggan zombies (Depths:1)
  8 ice dragons
  27 hydras
  An ice dragon (shapeshifter) (D:12)
  28 vault guards
  15 yaktaur captains
  2 rakshasas
  2 ogre magi
  2 ghost crabs (Swamp:4)
  3 radroaches
  10 ironbound frosthearts
  3 peacekeepers
  2 spriggan air magi
  A two-headed ogre (shapeshifter) (Vaults:5)
  9 two-headed ogres
  28 dancing weapons
  6 boulder beetles
  12 centaur warriors
  A death knight (D:12)
  9 deep troll shamans
  A titan zombie (Depths:1)
  5 death yaks
  5 alligators
  19 tengu warriors
  13 deep troll earth magi
  17 spriggan berserkers
  The ghost of Orangeyouglad the Ducker, a novice DjFE of Uskayaw (D:7)
  4 orc high priests
  The ghost of tonyyikes the Zephyrmancer, a novice DrAE of Vehumet (D:9)
  4 hell hogs (Depths:3)
  A shock serpent (shapeshifter) (Depths:2)
  3 soul eaters (Depths:3)
  2 vampire magi
  15 deep elf knights
  4 sun demons
  Sonja (Lair:5)
  The ghost of Vadun the Slasher, a novice TeFi of the Shining One (D:8)
  11 hell knights
  4 shadow wraiths
  8 pharaoh ants
  13 iron trolls
  5 skeletal warriors
  A sea snake (shapeshifter) (Depths:4)
  A death drake (shapeshifter) (D:12)
  3 goliath frogs
  9 steelbarb worms
  52 deep trolls
  3 flayed ghosts
  2 quicksilver dragon simulacra (Depths:3)
  4 glowing orange brains
  3 golden dragon zombies (Depths:1)
  5 spriggan druids
  12 orb spiders
  9 wizards
  16 swamp dragons
  20 ironbound convokers
  5 bog bodies
  4 phantasmal warriors
  10 deep elf archers
  An iron dragon zombie (D:15)
  3 sphinx zombies (Depths:1)
  15 lindwurms
  35 deep elf pyromancers
  A large abomination (Depths:1)
  18 deep elf zephyrmancers
  A tengu zombie (Depths:1)
  11 orc knights
  18 ugly things
  5 necromancers
  3 orc sorcerers (Orc:2)
  37 wolf spiders
  3 frost giant zombies
  An oklob plant (Lair:5)
  5 manticores
  A shadow dragon skeleton (D:15)
  3 stone giant zombies (Depths:1)
  10 cyclopes
  A worldbinder (Gauntlet)
  5 shining eyes
  20 elephants
  38 moths of wrath
  A will-o-the-wisp (Swamp:2)
  An iron dragon skeleton (D:15)
  An ice statue (Depths:3)
  17 torpor snails
  17 vault sentinels
  Joseph (D:9)
  2 eyes of devastation
  3 black mambas
  12 cane toads
  2 gargoyles (D:12)
  2 orange demons
  12 demonic crawlers
  2 rime drakes (Lair:3)
  4 ice devils
  12 komodo dragons
  4 freezing wraiths
  Maggie (D:7)
  7 kobold demonologists
  A tormentor (Depths:1)
  A red devil (Depths:2)
  45 yaktaurs
  7 tengu conjurers
  4 bloated husks
  A merfolk (shapeshifter) (Elf:2)
  9 meliai
  3 polar bears
  6 trolls
  13 tyrant leeches
  2 wind drakes (shapeshifter)
  5 blink frogs (Lair:2)
  27 hornets
  37 tarantellas
  A raiju (shapeshifter) (D:13)
  A meliai (shapeshifter) (D:12)
  68 slime creatures
  A dream sheep (shapeshifter) (Depths:3)
  5 dream sheep (Lair:6)
  2 ettin zombies (Depths:1)
  A snapping turtle (shapeshifter) (Vaults:3)
  28 jumping spiders
  18 spriggans
  A shadow (D:10)
  17 culicivoras
  2 wraiths
  2 ynoxinuls (Depths:2)
  8 fire elementals
  6 hogs (Swamp:2)
  5 water elementals
  Eustachio (D:6)
  A yak (shapeshifter) (D:13)
  2 wyverns
  8 golden eyes (Slime:3)
  5 vampire mosquitoes
  70 yaks
  55 redbacks
  5 basilisks
  A steam dragon (D:7)
  2 neqoxecs (Gauntlet)
  The ghost of blank1 the Magician, an amateur DjCj (D:3)
  Menkaure (D:4)
  5 wargs
  14 swamp worms
  A human zombie (Depths:1)
  16 water moccasins
  3 acid dragons
  A hell hound (D:12)
  Duvessa (D:4)
  8 swamp drakes
  3 floating eyes (Depths:2)
  20 orc warriors
  A black bear (D:8)
  10 ogres
  3 ice beasts
  A boggart (shapeshifter) (Depths:2)
  4 boggarts
  52 wolves
  2 ettin simulacra (Depths:3)
  9 centaurs
  2 phantoms
  3 kobold brigands (D:12)
  11 bullfrogs
  A gnoll sergeant (D:13)
  An earth elemental (Elf:1)
  3 scorpions
  A water moccasin zombie (D:5)
  Dowan (D:4)
  A water moccasin skeleton (D:6)
  19 killer bees
  3 wights (D:8)
  4 electric eels
  2 howler monkeys
  A bullfrog zombie (D:5)
  3 centaur zombies
  A jelly (D:6)
  2 bullfrog skeletons (D:6)
  21 orc priests
  2 gnoll shamans
  4 hounds
  2 centaur skeletons (D:7)
  Crazy Yiuf (D:4)
  Ijyb (D:4)
  An iguana (D:5)
  24 orc wizards
  A hell rat (Lair:3)
  5 centaur simulacra
  3 howler monkey zombies
  2 adders
  20 gnolls
  A shadow imp (D:7)
  4 white imps
  2 ufetubi
  3 worms
  A worm (shapeshifter) (Vaults:5)
  13 dart slugs
  85 orcs
  7 endoplasms
  4 giant cockroaches
  4 goblins
  6 hobgoblins
  4 jackals
  3 quokkas
  4 ball pythons
  7 bats
  A frilled lizard (D:2)
  10 kobolds
  3 rats
2301 creatures vanquished.

Vanquished Creatures (collateral kills)
  the Lernaean hydra (Swamp:4)
  Sojobo (Vaults:3)
  An entropy weaver (Spider:4)
  A spark wasp (Spider:4)
  A deep elf death mage (Elf:3)
  A deep elf high priest (Elf:3)
  A pharaoh ant (Spider:1)
  3 wolf spiders (Spider:4)
  3 hornets
  5 redbacks (Spider:1)
18 creatures vanquished.

Vanquished Creatures (others)
  A two-headed ogre (D:12)
  A deep troll (Vaults:2)
  2 bloated husks
  2 hornets
  A spriggan (Swamp:1)
  A hog (Swamp:2)
  3 ettin simulacra (Depths:3)
  An orc wizard (Orc:2)
  22 demonic plants (Gauntlet)
  189 fungi
  145 plants
  7 withered plants (D:15)
375 creatures vanquished.

Grand Total: 2694 creatures vanquished

Notes
Turn   | Place    | Note
-------+----------+-------------------------------------------
     0 | D:1      | kaffeinatedkobold the Kobold Conjurer began the quest for
                  | the Orb.
     0 | D:1      | Reached XP level 1. HP: 10/10 MP: 3/3
   342 | D:1      | Reached XP level 2. HP: 10/15 MP: 0/5
  1041 | D:1      | Found a faded altar of an unknown god.
  1102 | D:1      | Reached XP level 3. HP: 19/19 MP: 4/6
  1124 | D:1      | Learned a level 2 spell: Searing Ray
  1494 | D:1      | Reached skill level 5 in Conjurations
  2066 | D:2      | Reached XP level 4. HP: 24/24 MP: 2/7
  3144 | D:3      | Reached XP level 5. HP: 28/28 MP: 4/8
  3161 | D:3      | Reached skill level 1 in Fighting
  3331 | D:3      | Noticed a centaur
  3338 | D:3      | Killed a centaur
  3339 | D:3      | Reached XP level 6. HP: 30/37 MP: 1/9
  3565 | D:3      | Found a runed translucent gate.
  3566 | D:3      | Found a runed translucent gate.
  3567 | D:3      | Found a runed translucent gate.
  3571 | D:3      | Noticed blank1's ghost (amateur DjCj)
  3571 | D:3      | Identified the +8 dagger of the Land of Plenty {vorpal,
                  | *Rage rPois Str+3 SInv}
  4367 | D:4      | Found Qes Useump's General Store.
  4371 | D:4      | Bought a scroll of identify for 26 gold pieces
  4372 | D:4      | Identified a scroll of acquirement
  4894 | D:4      | Found a runed translucent door.
  5115 | D:4      | Noticed Ijyb
  5177 | D:4      | Killed Ijyb
  5178 | D:4      | Reached XP level 7. HP: 37/41 MP: 2/10
  5739 | D:4      | Found a staircase to the Ecumenical Temple.
  5769 | Temple   | Entered the Ecumenical Temple
  6151 | D:4      | Noticed Duvessa
  6229 | D:4      | Noticed Dowan
  6446 | D:3      | Killed blank1's ghost
  7302 | D:4      | Reached XP level 8. HP: 35/48 MP: 7/11
  7798 | D:4      | Found a snail-covered altar of Cheibriados.
  7798 | D:4      | Found a broken altar of Ashenzari.
  7919 | D:4      | Noticed Menkaure
  7925 | D:4      | Killed Menkaure
  7926 | D:4      | Reached skill level 5 in Fighting
  7930 | D:3      | Found a hazy altar of Hepliaklqana.
  7930 | D:3      | Found a shimmering blue altar of Sif Muna.
  7933 | D:3      | Found a burning altar of Makhleb.
  7933 | D:3      | Found a radiant altar of Vehumet.
  7944 | D:3      | Became a worshipper of Vehumet
  8066 | D:4      | Noticed Crazy Yiuf
  8070 | D:4      | Killed Crazy Yiuf
  8226 | D:5      | Entered Level 5 of the Dungeon
  8313 | D:5      | Learned a level 4 spell: Iskenderun's Mystic Blast
  9417 | D:5      | Reached XP level 9. HP: 55/55 MP: 12/12
 10418 | D:4      | Killed Duvessa
 10419 | D:4      | Reached skill level 10 in Conjurations
 10609 | D:4      | Bought a scroll of blinking for 97 gold pieces
 10652 | D:4      | Killed Dowan
 11031 | D:6      | Found an iron altar of Okawaru.
 11678 | D:6      | Noticed Eustachio
 11694 | D:6      | Killed Eustachio
 11969 | D:6      | Reached * piety under Vehumet
 11969 | D:6      | Offered knowledge of Sandblast by Vehumet.
 11972 | D:6      | Learned a level 1 spell: Sandblast
 12627 | D:7      | Noticed Maggie
 12628 | D:7      | Reached skill level 1 in Earth Magic
 12650 | D:7      | Reached skill level 2 in Earth Magic
 12963 | D:7      | Killed Maggie
 12964 | D:7      | Reached skill level 3 in Earth Magic
 12964 | D:7      | Reached skill level 4 in Earth Magic
 13182 | D:7      | Found a runed translucent gate.
 13183 | D:7      | Found a runed translucent gate.
 13184 | D:7      | Found a runed translucent gate.
 13224 | D:7      | Reached XP level 10. HP: 63/63 MP: 9/13
 13795 | D:7      | Noticed Orangeyouglad's ghost (novice DjFE)
 13847 | D:7      | Killed Orangeyouglad's ghost
 13848 | D:7      | Reached skill level 5 in Earth Magic
 13848 | D:7      | Reached skill level 6 in Earth Magic
 13871 | D:7      | Reached skill level 7 in Earth Magic
 14163 | D:8      | Noticed a kobold demonologist
 14169 | D:8      | Noticed a rust devil
 14174 | D:7      | Killed a kobold demonologist
 14485 | D:8      | Reached skill level 8 in Earth Magic
 14729 | D:8      | Found a runed translucent door.
 14730 | D:8      | Found a shimmering altar of Xom.
 14730 | D:8      | Noticed Vadun's ghost (novice TeFi)
 14731 | D:8      | Noticed a +2 dagger of chaos
 14739 | D:8      | Identified the +0 robe of Gluttony {Harm rF- SInv}
 15213 | D:8      | Found a hide-covered altar of Uskayaw.
 15389 | D:8      | Found a staircase to the Lair.
 15407 | D:8      | Found Isaco's Magic Scroll Shop.
 15412 | D:8      | Bought a scroll of teleportation for 36 gold pieces
 15412 | D:8      | Bought a scroll of enchant armour for 90 gold pieces
 15412 | D:8      | Bought a scroll of identify for 24 gold pieces
 15412 | D:8      | Bought a scroll of teleportation for 36 gold pieces
 15428 | D:8      | Reached skill level 9 in Earth Magic
 15749 | D:8      | Noticed a two-headed ogre
 15793 | D:8      | Killed a two-headed ogre
 15794 | D:8      | Reached XP level 11. HP: 49/67 MP: 5/14
 15955 | D:9      | Noticed Joseph
 15965 | D:9      | Killed Joseph
 15965 | D:9      | Offered knowledge of Shock by Vehumet.
 15966 | D:9      | Reached skill level 10 in Earth Magic
 16213 | D:9      | Reached ** piety under Vehumet
 16245 | D:9      | Found a glowing golden altar of the Shining One.
 16663 | D:9      | Found a transporter.
 16801 | D:9      | Found a transporter.
 16802 | D:9      | Noticed a deep troll
 16849 | D:9      | Noticed a two-headed ogre
 16865 | D:9      | Noticed a moth of wrath
 16868 | D:9      | Noticed tonyyikes's ghost (novice DrAE)
 17253 | D:10     | Entered Level 10 of the Dungeon
 17260 | D:10     | Reached skill level 11 in Earth Magic
 19042 | D:10     | Offered knowledge of Ignite Poison by Vehumet.
 19414 | D:10     | Noticed a two-headed ogre
 19419 | D:10     | Killed a two-headed ogre
 19420 | D:10     | Reached skill level 10 in Fighting
 19493 | D:11     | Reached skill level 5 in Dodging
 19493 | D:11     | Reached skill level 1 in Evocations
 19646 | D:11     | Reached XP level 12. HP: 73/77 MP: 1/16
 20397 | D:11     | Reached *** piety under Vehumet
 20398 | D:11     | Reached skill level 5 in Evocations
 20717 | D:11     | Noticed a boulder beetle
 21110 | D:10     | Acquired kaffeinatedkobold's Handbook of Battle Magic
 21118 | D:10     | Learned a level 3 spell: Stone Arrow
 21124 | D:10     | Learned a level 5 spell: Iskenderun's Battlesphere
 21326 | D:12     | Noticed Azrael
 21553 | D:12     | Found a gate leading to a gauntlet.
 21669 | Gauntlet | Entered a Gauntlet
 21669 | Gauntlet | Found a transporter.
 21669 | Gauntlet | Found a transporter.
 21679 | Gauntlet | Found a transporter.
 21696 | Gauntlet | Found a transporter.
 21702 | Gauntlet | Noticed a cacodemon
 21718 | Gauntlet | Found a transporter.
 21726 | Gauntlet | Found a transporter.
 21805 | Gauntlet | Noticed a tengu warrior
 21814 | Gauntlet | Found a transporter.
 21822 | Gauntlet | Found a transporter.
 21827 | Gauntlet | Noticed a hell beast
 21844 | Gauntlet | Found a transporter.
 21852 | Gauntlet | Found a transporter.
 21939 | Gauntlet | Found a transporter.
 21951 | Gauntlet | Noticed a balrug
 21963 | Gauntlet | Found a transporter.
 21964 | Gauntlet | Noticed a green death
 21976 | Gauntlet | Found a transporter.
 21976 | Gauntlet | Found a transporter.
 22006 | Gauntlet | Found a transporter.
 22030 | Gauntlet | Found a transporter.
 22473 | Gauntlet | Gained mutation: You occasionally shout uncontrollably at
                  | your foes. [a cacodemon]
 22478 | Gauntlet | Killed a cacodemon
 22694 | Gauntlet | Killed a green death
 22803 | Gauntlet | Identified the +7 hand crossbow "Meemeorgh" {flame, rF-
                  | Str+6}
 22806 | Gauntlet | Identified the ring of the Raven {Fire Str+2 Int+3}
 22844 | Gauntlet | Identified the +4 flail "Tinorph" {flame, *Slow MP+9 SInv}
 22844 | Gauntlet | Noticed a minotaur
 22888 | Gauntlet | Killed a minotaur
 23518 | D:12     | Noticed a centaur warrior
 23524 | D:12     | Killed a centaur warrior
 23650 | D:12     | Killed Azrael
 23651 | D:12     | Reached skill level 12 in Earth Magic
 23905 | D:12     | Found a portal to a secret trove of treasure.
 23984 | D:12     | Reached XP level 13. HP: 83/84 MP: 4/17
 24067 | D:12     | Offered knowledge of Hailstorm by Vehumet.
 24236 | D:12     | Noticed a centaur warrior
 24242 | D:12     | Killed a centaur warrior
 24788 | D:12     | Found a staircase to the Orcish Mines.
 25264 | D:12     | Reached **** piety under Vehumet
 25274 | D:12     | Offered knowledge of Lee's Rapid Deconstruction by Vehumet.
 25797 | D:12     | Reached skill level 5 in Spellcasting
 25849 | D:12     | Learned a level 5 spell: Lee's Rapid Deconstruction
 26050 | D:12     | Noticed a boulder beetle
 26065 | D:12     | Killed a boulder beetle
 26216 | D:12     | Noticed an ettin
 26223 | D:12     | Killed an ettin
 26228 | D:12     | Noticed a storm dragon
 26314 | D:12     | Reached skill level 13 in Earth Magic
 26745 | D:11     | Killed a boulder beetle
 27072 | D:8      | Killed Vadun's ghost
 27212 | Lair:1   | Entered Level 1 of the Lair of Beasts
 27247 | Lair:1   | Identified the +1 pair of gloves "Vetheim" {Rampage rF+
                  | MP+9 Stlth+}
 27524 | Lair:1   | Reached XP level 14. HP: 92/92 MP: 21/21
 28827 | Lair:2   | Got Sif Muna's Almanac of Floating Translocation
 28903 | Lair:2   | Reached skill level 10 in Evocations
 28903 | Lair:2   | Reached ***** piety under Vehumet
 28903 | Lair:2   | Offered knowledge of Sticky Flame by Vehumet.
 29256 | Lair:2   | Learned a level 2 spell: Blink
 29776 | Lair:2   | Reached skill level 10 in Dodging
 30684 | Lair:3   | Found a hole to the Spider Nest.
 30745 | Lair:3   | Found a staircase to the Swamp.
 31868 | Lair:3   | Reached skill level 14 in Earth Magic
 34040 | Lair:4   | Reached XP level 15. HP: 83/96 MP: 24/24
 35716 | Lair:5   | Noticed Sonja
 35888 | Lair:5   | Killed Sonja
 36101 | Lair:6   | Entered Level 6 of the Lair of Beasts
 36333 | Lair:6   | Reached skill level 15 in Earth Magic
 36746 | Lair:6   | Offered knowledge of Orb of Destruction by Vehumet.
 36789 | Lair:6   | Noticed Strat's ghost (journeyman MfWn)
 36828 | Lair:6   | Found a runed translucent door.
 37269 | Lair:6   | Reached skill level 15 in Conjurations
 38975 | Lair:6   | Reached XP level 16. HP: 98/104 MP: 13/26
 40133 | Lair:6   | Found a viscous altar of Jiyva.
 40133 | Lair:6   | Found a staircase to the Slime Pits.
 40189 | Lair:6   | Found a runed translucent gate.
 40189 | Lair:6   | Found a runed translucent gate.
 40189 | Lair:6   | Found a runed translucent gate.
 40635 | D:8      | Learned a level 1 spell: Magic Dart
 40706 | D:9      | Killed tonyyikes's ghost
 40708 | D:9      | Found a bloodstained altar of Trog.
 40963 | D:12     | Noticed a tengu reaver
 41189 | Orc:1    | Entered Level 1 of the Orcish Mines
 41255 | D:12     | Reached skill level 16 in Earth Magic
 41839 | Orc:1    | Offered knowledge of Irradiate by Vehumet.
 42016 | Orc:2    | Entered Level 2 of the Orcish Mines
 42156 | Orc:2    | Noticed Donald
 42164 | Orc:2    | Killed Donald
 42562 | Orc:2    | Found a staircase to the Elven Halls.
 43975 | Orc:2    | Paralysed by an orc sorcerer for 5 turns
 44407 | Orc:2    | Found Coxin's Book Boutique.
 44407 | Orc:2    | Found Faduw's Weapon Shoppe.
 44409 | Orc:2    | Found Faesh's General Store.
 44409 | Orc:2    | Found Gofrenez's Book Shoppe.
 44528 | Orc:2    | Bought a potion of mutation for 120 gold pieces
 44528 | Orc:2    | Bought a scroll of teleportation for 45 gold pieces
 44528 | Orc:2    | Bought a scroll of identify for 30 gold pieces
 44544 | Orc:2    | Bought a book of Vapours for 180 gold pieces
 45012 | D:13     | Identified the +1 scale mail of the Jolly Heavens {Str+2
                  | Dex+2}
 45765 | D:13     | Noticed a tengu reaver
 46932 | D:13     | Upgraded the game from 0.28-a0-1429-gf3d713df7a to
                  | 0.28-a0-1435-g82390b3a13
 47025 | D:14     | Found a gate to the Vaults.
 48488 | D:15     | Entered Level 15 of the Dungeon
 48722 | D:15     | Reached XP level 17. HP: 108/108 MP: 27/27
 49158 | D:15     | Noticed Jorgrun
 49172 | D:15     | Killed Jorgrun
 49350 | D:15     | Offered knowledge of Iron Shot by Vehumet.
 49358 | D:15     | Learned a level 6 spell: Iron Shot
 49803 | D:15     | Got the Papyrus of Flames
 50152 | D:15     | Found a staircase to the Depths.
 50721 | D:13     | Killed a tengu reaver
 50992 | D:8      | Bought a scroll of identify for 24 gold pieces
 50992 | D:8      | Bought a scroll of identify for 24 gold pieces
 50992 | D:8      | Bought a scroll of brand weapon for 240 gold pieces
 50992 | D:8      | Bought a scroll of enchant weapon for 90 gold pieces
 50992 | D:8      | Bought a scroll of fear for 42 gold pieces
 51150 | Spider:1 | Entered Level 1 of the Spider Nest
 51153 | Spider:1 | Reached skill level 17 in Earth Magic
 51156 | Spider:1 | Reached skill level 1 in Shields
 51733 | Spider:1 | Noticed Aizul
 52525 | Spider:1 | Killed Aizul
 52703 | Spider:1 | Reached skill level 5 in Shields
 55323 | Spider:1 | Offered knowledge of Fireball by Vehumet.
 56698 | Spider:2 | Reached XP level 18. HP: 114/114 MP: 28/28
 58238 | Spider:2 | Noticed Arachne
 58253 | Spider:2 | Killed Arachne
 58864 | Spider:2 | Offered knowledge of Yara's Violent Unravelling by Vehumet.
 62268 | Spider:4 | Entered Level 4 of the Spider Nest
 64282 | Spider:4 | Offered knowledge of Ozocubu's Refrigeration by Vehumet.
 64544 | Spider:4 | Reached XP level 19. HP: 121/121 MP: 18/31
 65433 | Spider:4 | Reached skill level 15 in Evocations
 66377 | Spider:4 | Reached skill level 15 in Dodging
 66834 | Spider:4 | Got a gossamer rune of Zot
 67359 | Lair:6   | Killed Strat's ghost
 68061 | D:12     | Found the +2 shield of Resistance {rF++ rC++ Will++}
 68583 | Swamp:1  | Entered Level 1 of the Swamp
 69530 | Swamp:1  | Reached skill level 18 in Earth Magic
 70064 | Swamp:1  | Identified the +5 mace of a treasure trove {freeze, rN+
                  | MP+9}
 70999 | Swamp:2  | Noticed Kirke
 71018 | Swamp:2  | Killed Kirke
 72292 | Swamp:2  | Learned a level 5 spell: Borgnjor's Vile Clutch
 73041 | Swamp:3  | Reached XP level 20. HP: 127/127 MP: 32/32
 74817 | Swamp:4  | Entered Level 4 of the Swamp
 75163 | Swamp:4  | Noticed a tentacled monstrosity
 75926 | Swamp:3  | Killed a tentacled monstrosity
 76283 | Swamp:4  | Noticed a tentacled monstrosity
 76767 | Swamp:4  | Noticed the 27-headed Lernaean hydra
 77372 | Elf:1    | Entered Level 1 of the Elven Halls
 77709 | Elf:1    | Reached skill level 10 in Shields
 77790 | Elf:1    | Reached skill level 1 in Translocations
 78261 | Elf:1    | Identified the +0 leather armour "Qoluylant" {Will+ Int+2}
 78849 | Elf:1    | Got Sif Muna's Incunabulum of Battle Magic
 78851 | Elf:1    | Got the Disquisition on Ghastly Weightlessness
 78948 | Elf:1    | Noticed Nikola
 78953 | Elf:1    | Killed Nikola
 79067 | Elf:1    | Noticed Frances
 79072 | Elf:1    | Killed Frances
 79571 | Elf:1    | Reached skill level 15 in Fighting
 79885 | Elf:1    | Reached ****** piety under Vehumet
 79885 | Elf:1    | Offered knowledge of Shatter by Vehumet.
 79885 | Elf:1    | Offered knowledge of Polar Vortex by Vehumet.
 79885 | Elf:1    | Offered knowledge of Ignition by Vehumet.
 81614 | Elf:2    | Found a runed translucent gate.
 81614 | Elf:2    | Found a runed translucent gate.
 81614 | Elf:2    | Found a runed translucent gate.
 82400 | Elf:2    | Reached XP level 21. HP: 134/134 MP: 34/34
 82809 | Elf:2    | Reached skill level 10 in Spellcasting
 83065 | Elf:2    | Learned a level 7 spell: Orb of Destruction
 83179 | Elf:3    | Entered Level 3 of the Elven Halls
 83241 | Elf:3    | Found Yhisafyu's Magic Scroll Shop.
 83247 | Elf:3    | Bought a scroll of enchant armour for 120 gold pieces
 83247 | Elf:3    | Bought a scroll of enchant armour for 120 gold pieces
 83247 | Elf:3    | Bought a scroll of teleportation for 48 gold pieces
 83247 | Elf:3    | Bought a scroll of fear for 56 gold pieces
 84971 | Vaults:1 | Entered Level 1 of the Vaults
 88508 | Vaults:1 | Reached skill level 19 in Earth Magic
 90191 | Vaults:2 | Found a staircase to the Crypt.
 90407 | Vaults:2 | Reached skill level 20 in Earth Magic
 90445 | Vaults:2 | Reached XP level 22. HP: 142/142 MP: 4/36
 96426 | Vaults:3 | Identified the ring of Udipsuf {rPois Slay+4}
 96990 | Vaults:3 | Noticed Sojobo
 97015 | Vaults:3 | Killed Sojobo
 98448 | Vaults:4 | Reached XP level 23. HP: 130/147 MP: 21/37
 98948 | Vaults:4 | Noticed a golden dragon
 98950 | Vaults:4 | Killed a golden dragon
100875 | Vaults:4 | Identified the +3 scale mail of Sloth {Dex+2}
101560 | Swamp:4  | Killed the 27-headed Lernaean hydra
101924 | Swamp:4  | Got a decaying rune of Zot
102660 | Depths:1 | Entered Level 1 of the Depths
104025 | Depths:1 | Identified the +2 leather armour of Responsibility {rF+
                  | Slay+2}
104124 | Depths:1 | Learned a level 8 spell: Lehudib's Crystal Spear
105440 | Depths:1 | Found a basalt altar of Yredelemnul.
105688 | Depths:1 | Reached XP level 24. HP: 114/156 MP: 27/38
106398 | Depths:1 | Found a gateway to Hell.
107176 | Depths:2 | Paralysed by a floating eye for 2 turns
108485 | Depths:2 | Paralysed by a floating eye for 2 turns
108498 | Depths:2 | Noticed a caustic shrike
109348 | Depths:2 | Killed a caustic shrike
110185 | Depths:2 | Reached skill level 21 in Earth Magic
111573 | Depths:2 | Found a one-way gate leading to the halls of Pandemonium.
112271 | Depths:3 | Got the Guide on Dark Air
112873 | Depths:3 | Reached skill level 22 in Earth Magic
112894 | Depths:3 | Reached XP level 25. HP: 89/163 MP: 6/39
113677 | Depths:3 | Found a white marble altar of Elyvilon.
113679 | Depths:3 | Found a one-way gateway to a ziggurat.
115069 | Depths:3 | Reached skill level 23 in Earth Magic
115170 | Depths:3 | Identified the +7 hand axe of Reopiyce {vorpal, Dex+6}
115456 | Depths:3 | Found a sacrificial altar of Ru.
115660 | Depths:3 | Found a glowing golden altar of the Shining One.
115909 | Depths:3 | Found a burning altar of Makhleb.
115911 | Depths:3 | Found a one-way gate to the infinite horrors of the Abyss.
116106 | Depths:3 | You fall into a shaft and drop 1 floor!
116106 | Depths:4 | Entered Level 4 of the Depths
116314 | Depths:4 | Found Zaenyw's Antique Armour Emporium.
116316 | Depths:4 | Found Ocleu's Distillery.
116316 | Depths:4 | Found Foutod's Armour Emporium.
116523 | Depths:4 | Found Befazurch's Weapon Shoppe.
116533 | Depths:4 | Bought a potion of curing for 54 gold pieces
116845 | Depths:4 | Noticed a caustic shrike
116847 | Depths:4 | Killed a caustic shrike
116848 | Depths:4 | Noticed a caustic shrike
116856 | Depths:4 | Killed a caustic shrike
117005 | Depths:4 | Noticed a caustic shrike
117008 | Depths:4 | Killed a caustic shrike
117009 | Depths:4 | Reached skill level 24 in Earth Magic
117331 | Depths:4 | Noticed a caustic shrike
117334 | Depths:4 | Killed a caustic shrike
118519 | Depths:4 | Reached XP level 26. HP: 147/168 MP: 11/39
119109 | Depths:4 | Found a gate to the Realm of Zot.
120231 | Depths:4 | Bought a potion of haste for 180 gold pieces
120231 | Depths:4 | Bought a potion of resistance for 180 gold pieces
120231 | Depths:4 | Bought a potion of haste for 180 gold pieces
120240 | Depths:4 | Bought a +2 pair of boots of flying for 430 gold pieces
120758 | Elf:3    | Reached skill level 25 in Earth Magic
121489 | Elf:3    | Identified the +10 short sword of Goczuhe {drain, rN+ Int+4
                  | Dex-4 Stlth+}
121494 | Elf:3    | Identified the +4 hand axe of Aniot {flame, rPois Will+
                  | SInv}
121685 | Elf:3    | Identified the amulet of Ceosiutynk {Acrobat Rampage rPois
                  | Str-5}
121714 | Elf:3    | Got Cepoogor's Grimoire of Shifting Intoxication
121717 | Elf:3    | Got the Almanac of Orientation
121730 | Elf:3    | Got the Handbook of Sophism
122599 | Elf:3    | lair
122981 | Slime:1  | Entered Level 1 of the Pits of Slime
124896 | Slime:2  | Reached skill level 1 in Short Blades
126335 | Slime:4  | Reached skill level 5 in Short Blades
126622 | Slime:5  | Entered Level 5 of the Pits of Slime
126760 | Slime:5  | Noticed the Royal Jelly
127989 | Slime:5  | Gained mutation: You are clumsy. (Dex -2) [a shining eye]
128519 | D:8      | Lost mutation: You are clumsy. (Dex -2) [potion of
                  | mutation]
128519 | D:8      | Lost mutation: You occasionally shout uncontrollably at
                  | your foes. [potion of mutation]
128519 | D:8      | Gained mutation: You are resistant to electric shocks.
                  | (rElec) [potion of mutation]
128519 | D:8      | Gained mutation: You expend magic power (3 MP) to
                  | strengthen your wands. [potion of mutation]
128519 | D:8      | Gained mutation: Your muscles are strong. (Str +2) [potion
                  | of mutation]
128809 | Vaults:5 | Entered Level 5 of the Vaults
129680 | Vaults:5 | Noticed an ancient lich
129691 | Vaults:5 | Killed an ancient lich
129692 | Vaults:5 | Reached skill level 10 in Short Blades
129945 | Vaults:5 | Identified the ring "Pacae" {Fire rCorr}
130226 | Vaults:5 | Got a silver rune of Zot
130242 | Vaults:5 | Reached XP level 27. HP: 179/179 MP: 39/39
130969 | Vaults:5 | Got Amim's Incunabulum of the Gliding Snowflakes
130970 | Vaults:5 | Identified the +1 helmet of Wu Jian's Respect {rC+++ Dex-4
                  | Slay-2}
131312 | Vaults:5 | Identified the +6 short sword of the Unspeakable One
                  | {venom, rPois rF- rCorr}
131319 | Vaults:5 | Reached skill level 26 in Earth Magic
131381 | Vaults:5 | Identified the ring "Nemasuf" {rElec rN++ Dex-2 Slay+4}
132342 | Vaults:5 | Found the ring of the Octopus King
132348 | Vaults:5 | Identified a ring of the Octopus King {Fly AC+1 EV+1 Str+1
                  | Int+1 Dex+1}
132352 | Vaults:5 | Got Dispater's Reference Book on Earth
132404 | Vaults:5 | Identified the +6 rapier of Contradiction {spect, rF- rN+++
                  | rCorr Int+5}
133145 | Vaults:5 | Found the +2 hood of the Assassin {Detection Stab+ Stlth++}
134581 | Vaults:5 | Identified the +4 spear of Integrity {protect, rF+ rC++}
135334 | D:4      | Bought a wand of acid (3) for 182 gold pieces
135334 | D:4      | Bought a staff of earth for 325 gold pieces
135334 | D:4      | Bought a wand of flame (10) for 78 gold pieces
135536 | D:8      | Learned a level 9 spell: Shatter
135646 | D:12     | You paid a toll of 6 scrolls of fog to enter a treasure
                  | trove
135647 | Trove    | Entered a treasure trove
135651 | Trove    | Identified the ring "Rowourpha" {Ice rPois}
135653 | Trove    | Identified the ring "Vuatytin" {rC- rN+ rCorr Int+2 Slay+2}
135655 | Trove    | Identified the ring of Figafeq {Drain rN+ Will- Dex+7
                  | Slay+6}
135661 | Trove    | Identified the ring "Kakixt" {Ice Str+3}
135663 | Trove    | Identified the ring of Lig Kiem {rN+ Dex+3 Stlth+}
135667 | Trove    | Identified the ring of Daffodils {Fly rCorr AC+4 Dex+3}
135669 | Trove    | Identified the ring "Baweafau" {Ice Str+4 Dex+2}
136083 | Depths:4 | Bought a potion of lignification for 54 gold pieces
136140 | Depths:4 | Upgraded the game from 0.28-a0-1435-g82390b3a13 to
                  | 0.28-a0-1447-ga5a8893891
136141 | Zot:1    | Entered Level 1 of the Realm of Zot
137390 | Zot:1    | Reached skill level 27 in Earth Magic
138472 | Zot:1    | Noticed an orb of fire
138473 | Zot:1    | Gained mutation: Your body sometimes deteriorates upon
                  | taking damage. [an orb of fire]
138475 | Zot:1    | Killed an orb of fire
139849 | Zot:2    | Noticed a Killer Klown
140328 | Zot:2    | Killed a Killer Klown
140508 | Zot:2    | Noticed RepHenryClay's ghost (master GnWn)
141736 | Zot:2    | Found a runed translucent gate.
141737 | Zot:2    | Found a runed translucent gate.
141738 | Zot:2    | Found a runed translucent gate.
145000 | Zot:3    | Identified the +1 mace of the Final Decision {flame, Int+5}
146187 | Zot:3    | Noticed an orb of fire
146196 | Zot:3    | Gained mutation: Potions are less effective at restoring
                  | your health. [an orb of fire]
146197 | Zot:3    | Gained mutation: Your body often deteriorates upon taking
                  | damage. [an orb of fire]
146206 | Zot:3    | Killed an orb of fire
150850 | Zot:4    | Noticed a Killer Klown
151037 | Zot:4    | Killed a Killer Klown
151491 | Zot:5    | Entered Level 5 of the Realm of Zot
153136 | Zot:5    | Noticed an ancient lich
153856 | Zot:5    | Noticed a Killer Klown
153864 | Zot:5    | Killed a Killer Klown
154106 | Zot:5    | Noticed a Killer Klown
154128 | Zot:5    | Killed a Killer Klown
154320 | Zot:5    | Noticed a dread lich
154323 | Zot:5    | Killed a dread lich
154326 | Zot:5    | Noticed a Killer Klown
154705 | Zot:5    | Noticed a Killer Klown
154814 | Zot:5    | Noticed an orb of fire
154821 | Zot:5    | Killed a Killer Klown
155062 | Zot:5    | Killed an ancient lich
155155 | Zot:5    | Noticed an ancient lich
155160 | Zot:5    | Killed an ancient lich
155262 | Zot:5    | Noticed an orb of fire
155265 | Zot:5    | Gained mutation: Your magical capacity is low. (-10% MP)
                  | [an orb of fire]
155266 | Zot:5    | Killed an orb of fire
155276 | Zot:5    | Killed an orb of fire
155416 | Zot:4    | Lost mutation: Your muscles are strong. (Str +2) [potion of
                  | mutation]
155416 | Zot:4    | Lost mutation: Potions are less effective at restoring your
                  | health. [potion of mutation]
155416 | Zot:4    | Gained mutation: Your flesh is cold resistant. (rC+)
                  | [potion of mutation]
155416 | Zot:4    | Gained mutation: You possess an exceptional clarity of
                  | mind. [potion of mutation]
155417 | Zot:4    | Lost mutation: You are resistant to electric shocks.
                  | (rElec) [potion of mutation]
155417 | Zot:4    | Lost mutation: Your magical capacity is low. (-10% MP)
                  | [potion of mutation]
155417 | Zot:4    | Gained mutation: Your mind is acute. (Int +2) [potion of
                  | mutation]
155417 | Zot:4    | Gained mutation: You have a pair of small antennae on your
                  | head. [potion of mutation]
155418 | Zot:4    | Lost mutation: You possess an exceptional clarity of mind.
                  | [potion of mutation]
155418 | Zot:4    | Lost mutation: Your body often deteriorates upon taking
                  | damage. [potion of mutation]
155418 | Zot:4    | Gained mutation: Your mind is very acute. (Int +4) [potion
                  | of mutation]
155419 | Zot:4    | Lost mutation: You have a pair of small antennae on your
                  | head. [potion of mutation]
155419 | Zot:4    | Lost mutation: Your body sometimes deteriorates upon taking
                  | damage. [potion of mutation]
155419 | Zot:4    | Gained mutation: You tend to lose your temper in combat.
                  | [potion of mutation]
155573 | Zot:5    | Noticed a Killer Klown
155575 | Zot:5    | Killed a Killer Klown
155688 | Zot:5    | Noticed an orb of fire
155688 | Zot:5    | Lost mutation: Your mind is very acute. (Int +4) [an orb of
                  | fire]
155701 | Zot:5    | Gained mutation: You are weak. (Str -2) [an orb of fire]
155712 | Zot:5    | Killed an orb of fire
155877 | Zot:5    | Noticed a dread lich
155879 | Zot:5    | Killed a dread lich
155881 | Zot:5    | Noticed a Killer Klown
155886 | Zot:5    | Killed a Killer Klown
156262 | Zot:5    | Noticed a Killer Klown
156266 | Zot:5    | Killed a Killer Klown
157000 | Zot:5    | Killed a Killer Klown
157363 | Zot:5    | Noticed an ancient lich
157365 | Zot:5    | Noticed a Killer Klown
157367 | Zot:5    | Killed an ancient lich
157372 | Zot:5    | Killed a Killer Klown
158293 | D:15     | Learned a level 2 spell: Passwall
159403 | D:8      | Lost mutation: Your mind is acute. (Int +2) [potion of
                  | mutation]
159403 | D:8      | Lost mutation: You are weak. (Str -2) [potion of mutation]
159403 | D:8      | Lost mutation: You tend to lose your temper in combat.
                  | [potion of mutation]
159403 | D:8      | Gained mutation: You have a pair of small horns on your
                  | head. [potion of mutation]
159403 | D:8      | Gained mutation: You are somewhat resistant to further
                  | mutation. [potion of mutation]
160249 | Zot:5    | Got the Orb of Zot
160529 | Depths:2 | Noticed Qugeoso the pandemonium lord
160589 | Depths:1 | Noticed Asextau the pandemonium lord
160972 | D:2      | Noticed a seraph
161026 | D:$      | Escaped with the Orb!

Illustrated notes

#.....##.....[[........##..##..#.
#....##....##....###....##.#..^##
#....#....#..[.###.###...#.....#.
....##...#....##.)...##..##....##
....#...##....#....).)#...#....##
.#.##........##))=))..##..##...#.
...#......#..#....⌠.)).#...#.8.##
.#.#....##...##....)}.##.8.#...#.
...#...##....##|@}.}..#...)#...##
.#.'..##....##...})})##....'.8.#
...#......###.8.##.###.....#[..#
...#.....##....#####.....8.#...#
...#....##....##.......#...#.8.#
#####...'..⌠..#.......##..##..)#
#8########...##...#..##...#...[#
###########.##...##.##...##....#
####8######'#...##..#....#....##


Turn 122599 on Elf:3: lair

Levels and vault maps discovered:
D:1:      dpeg_arrival_prison, layout_loops_ring,
          shapermc_ecumenical_altar_starsandcircs, st_stairs_1
D:2:      layout_basic
D:3:      layout_loops_ring, nicolae_overflow_hidden_temple,
          biasface_ghost_orc_armoury, nicolae_elevator_lobby_asterisk
D:4:      layout_basic, gammafunk_temple_overflow_wave,
          minmay_temple_entry_mist, serial_shops, shop, uniq_ijyb,
          uniq_crazy_yiuf_cottage, uniq_menkaure, uniq_duvessa
D:5:      kennysheep_slugbush, layout_basic
D:6:      layout_loops_ring, amcnicky_altar_gilded, minmay_stone_trees_small,
          kennysheep_doodads, uniq_eustachio
D:7:      layout_basic, gammafunk_ghost_icy, uniq_maggie
D:8:      layout_rooms, mainiacjoe_overflow_cross_hatched,
          grunt_lair_entry_orc_guard_hut, serial_shops, nicolae_diamond_shop,
          ebering_ghost_xom
D:9:      layout_long_grid, nicolae_tso_carved_into_rock,
          gammafunk_ghost_wrathful_warriors, uniq_joseph
D:10:     layout_roguey, kennysheep_generic_room_9
D:11:     layout_long_grid, moated_statue
D:12:     lemuel_traditional_vault, layout_long_grid, hiddenorc2_lemuel,
          nicolae_trove_entry_free_sample, gauntlet_entry_generic,
          nrook_pool_corridor, drop_trap, uniq_azrael
D:13:     layout_loops_cross, hangedman_corner_corridor
D:14:     layout_cave_pods, erik_vaults_1, dk_noncrumbling_3
D:15:     gammafunk_depths_entry_grave, layout_small_grid, uniq_jorgrun
Temple:   nicolae_temple_figure_eight
Lair:1:   layout_concentric_octagons, infiniplex_staircase_pool
Lair:2:   layout_hall_layers, grunt_forest_large_clearings, serial_bayou_shore_a
Lair:3:   nzn_winding_woodlands_stair_cross [nzn_winding_woodlands_5x15_zeroes,
          nzn_winding_woodlands_center_garden,
          nzn_winding_woodlands_5x15_lazy_stream,
          nzn_winding_woodlands_5x5_closed_star,
          nzn_winding_woodlands_5x5_three,
          nzn_winding_woodlands_5x15_split_checker,
          nzn_winding_woodlands_center_diamonds,
          nzn_winding_woodlands_5x15_pathside_ponds], layout_regular_city,
          skrybe_swamp_entry_bodies, spider_nest_entry_web_field
Lair:4:   layout_hall_layers, chequers_serial_rivers_marsh,
          infiniplex_staircase_pool_2, grunt_megastairs_2
Lair:5:   layout_loops_ring, uniq_sonja
Lair:6:   wormcave, layout_long_grid, dpeg_slime_entry_enclosed_altar,
          maelrawn_ghost_gauntlet_escape, st_stairs_10, serial_bayou_lagoon_b
Swamp:1:  layout_falls_marsh, hangedman_swamp_lotus, swamp_pool3,
          nicolae_swamp_super_fun_site
Swamp:2:  layout_basic_swamp, evilmike_swamp_ruin_house_4, swamp_pool1,
          nicolae_swamp_alligator_family, uniq_kirke
Swamp:3:  layout_basic_swamp, hangedman_swamp_pad
Swamp:4:  swamp_old_school, layout_basic_swamp
Spider:1: layout_chambers, uniq_aizul
Spider:2: layout_cave_pods, hangedman_spider_tarantella_strand, uniq_arachne
Spider:3: layout_chambers, hangedman_spider_mandibles
Spider:4: grunt_spider_rune_parallel, drop_trap
Slime:1:  layout_caves
Slime:2:  cheibrodos_slime_lost_civilization_10, layout_caves
Slime:3:  layout_caves, cheibrodos_slime_lost_civilization_7
Slime:4:  layout_caves
Slime:5
Orc:1:    layout_diamond_mine
Orc:2:    grunt_orc_tribal_feast, layout_caves, uniq_donald
Elf:1:    minmay_elf_arrival_summoners, layout_geoelf_octagon,
          minmay_elf_annihilation, roderic_lattice_octagonal_star, uniq_frances,
          uniq_nikola
Elf:2:    nicolae_elf_blades_splatter_lattice
          [nicolae_blade_entry_hurt_lockers], layout_geoelf_octagon,
          solitary_fountain, hellmonk_bongcloud_opening, minmay_misc_feat_cross
Elf:3:    minmay_elf_hall_statues, layout_rooms, serial_shops, shop_scrolls
Vaults:1: ontoclasm_vaults_hangar, ontoclasm_vaults_chip, v_alt_pattern_5,
          v_misc_30, v_pattern_2, nicolae_vaults_little_ls,
          nicolae_vaults_angled_halls, ontoclasm_vaults_shuriken,
          layout_vaults_omnigrid
Vaults:2: minmay_crypt_entry_simple_round, vaults_room_stairs_pillars,
          v_alt_pattern_6, v_rooms_1, v_alt_pattern_2, v_misc_1,
          vaults_room_grid, nicolae_vaults_network_quinsquares
          [nicolae_vaults_network_quincunx_subvault,
          nicolae_vaults_network_quincunx_subvault,
          nicolae_vaults_network_quincunx_subvault,
          nicolae_vaults_network_quincunx_subvault],
          nicolae_vaults_little_squares_3, nicolae_vaults_octagons,
          hangedman_vaults_hat, v_misc_19, v_misc_17,
          nicolae_vaults_diagonal_hallway_7, vaults_dpeg_encased_lava,
          layout_vaults_omnicross
Vaults:3: vaults_mumra_chevron, v_misc_1, v_pattern_5, v_misc_31,
          vaults_dpeg_doors, nicolae_vaults_c_with_doors,
          vaults_room_grunt_arrival_ludios, nicolae_vaults_ring_of_whatevers,
          vaults_dpeg_hooks, layout_vaults_chaotic_city, uniq_sojobo
Vaults:4: nicolae_vaults_twisting_passages, ontoclasm_vaults_misaligned,
          vaults_room_fancy_cross, nicolae_vaults_three_branches, v_misc_33,
          v_misc_12, nicolae_vaults_fighting_squares, vaults_room_semicircle,
          ontoclasm_vaults_pinch, v_misc_9, vaults_room_corners,
          layout_vaults_omnibox
Vaults:5: serial_shops
Depths:1: layout_roguey, hell_entry, kennysheep_donut, grunt_decor_arrowhead,
          eino_small_chamber_without_monster, nicolae_yredelemnul_corpse_copse
Depths:2: minmay_the_grid_square_5x5_5x5_mashed
          [minmay_the_grid_square_5x5_lines,
          minmay_the_grid_square_5x5_six_small,
          minmay_the_grid_square_5x5_spiral_small,
          minmay_the_grid_square_5x5_two_small,
          minmay_the_grid_square_5x5_n_small,
          minmay_the_grid_square_5x5_inverted_slash,
          minmay_the_grid_square_5x5_prize_waves,
          minmay_the_grid_square_5x5_hourglass,
          minmay_the_grid_square_5x5_prize_junk,
          minmay_the_grid_square_5x5_eight, minmay_the_grid_square_5x5_v,
          minmay_the_grid_square_5x5_moneybag,
          minmay_the_grid_square_5x5_prize_gold,
          minmay_the_grid_square_5x5_minimal, minmay_the_grid_square_5x5_slash,
          minmay_the_grid_square_5x5_six,
          minmay_the_grid_square_5x5_prize_deathbox,
          minmay_the_grid_square_5x5_trominoes,
          minmay_the_grid_square_5x5_prize_snowflake,
          minmay_the_grid_square_5x5_dogpile, minmay_the_grid_square_5x5_corner,
          minmay_the_grid_square_5x5_detours,
          minmay_the_grid_square_5x5_tri_point,
          minmay_the_grid_square_5x5_three, minmay_the_grid_square_5x5_empty],
          layout_cave_shapes, skrybe_limestone_x, hell_entry,
          rand_demon_pan_entry_4, minmay_staircase_statues,
          kennysheep_random_hallway
Depths:3: grunt_profane_halls [grunt_profane_temple_tar,
          grunt_profane_temple_dis, grunt_profane_temple_coc,
          grunt_profane_temple_geh, grunt_profane_loot], pan_entry, hell_entry,
          abyss_entry
Depths:4: grunt_zot_entry_pinwheel, layout_basic, minmay_misc_feat_diagonals,
          hangedman_geh_valley, minmay_shoptagon
Zot:1:    layout_cathedral_of_symmetry, grunt_megastairs_3
Zot:2:    layout_basic, gammafunk_ghost_split, st_stairs_8
Zot:3:    layout_onion_interference
Zot:4:    kennysheep_blocky_room, layout_concentric_octagons, st_stairs_13
Zot:5:    layout_misc_corridors, bh_zot_levy_curve

Skill      XL: |  1  2  3  4  5  6  7  8  9 10 11 12 13 14 15 16 17 18 19 20 21 22 23 24 25 26 27 |
---------------+----------------------------------------------------------------------------------+-----
Conjurations   | 5 6 7 8 9 11 12 13 15 16 17 18 20 | 20.0
Fighting       | 3 4 6 7 10 11 12 13 14 15 16 17 18 20 24 | 24.8
Dodging        | 3 5 6 8 10 11 12 14 15 17 20 25 | 25.0
Earth Magic    | 4 9 11 12 13 14 15 16 17 18 20 22 24 25 27 | 27.0
Spellcasting   | 3 5 6 7 8 9 10 11 12 13 | 13.0
Evocations     | 3 6 8 10 12 14 15 | 15.0
Shields        | 5 8 10 | 10.0
Translocations | 2 |  2.0
Short Blades   | 10 14 | 14.0
Stealth        | 3 |  3.0

Action                   |  1- 3 |  4- 6 |  7- 9 | 10-12 | 13-15 | 16-18 | 19-21 | 22-24 | 25-27 || total
-------------------------+-------+-------+-------+-------+-------+-------+-------+-------+-------++-------
Melee: Unarmed           |    21 |       |       |       |       |       |       |       |       ||    21
       Short sword       |    13 |     4 |       |       |       |       |       |       |       ||    17
       Dagger            |       |       |    65 |    56 |   216 |    85 |    33 |    39 |       ||   494
       Punch             |       |       |     1 |     1 |     3 |     1 |       |       |       ||     6
       Mace              |       |       |       |       |       |       |       |     2 |     6 ||     8
       Rapier            |       |       |       |       |       |       |       |       |    75 ||    75
Throw: Dart              |       |       |       |       |     9 |     2 |       |       |       ||    11
 Cast: Magic Dart        |    43 |    20 |    15 |     9 |    69 |    11 |       |       |       ||   167
       Searing Ray       |     2 |    25 |    65 |    86 |    12 |     6 |     1 |       |     1 ||   198
       Sandblast         |       |       |     5 |    57 |    46 |    20 |    28 |    25 |    21 ||   202
       Iskenderun's Myst |       |       |     3 |    16 |    35 |    54 |    33 |    49 |   104 ||   294
       Stone Arrow       |       |       |       |    48 |   414 |   393 |    38 |    60 |    47 ||  1000
       Iskenderun's Batt |       |       |       |    17 |    81 |   270 |     9 |       |       ||   377
       Blink             |       |       |       |       |     2 |     7 |     5 |     3 |    12 ||    29
       Lee's Rapid Decon |       |       |       |       |     2 |     3 |     8 |    45 |    51 ||   109
       Iron Shot         |       |       |       |       |       |   290 |   608 |   402 |    21 ||  1321
       Borgnjor's Vile C |       |       |       |       |       |       |     5 |    30 |     9 ||    44
       Lehudib's Crystal |       |       |       |       |       |       |       |   203 |   873 ||  1076
       Orb of Destructio |       |       |       |       |       |       |       |     2 |     8 ||    10
       Passwall          |       |       |       |       |       |       |       |       |     9 ||     9
       Shatter           |       |       |       |       |       |       |       |       |     3 ||     3
Evoke: Wand              |       |       |       |     3 |       |    22 |    26 |    12 |    57 ||   120
       Phial of floods   |       |       |       |       |       |     2 |     5 |     1 |     2 ||    10
       Box of beasts     |       |       |       |       |       |     3 |     1 |     1 |     3 ||     8
       Phantom mirror    |       |       |       |       |       |     2 |     1 |     2 |     2 ||     7
  Use: Scroll            |       |     3 |     2 |    16 |     9 |    21 |    12 |     5 |    11 ||    79
       Potion            |       |       |     3 |     3 |     4 |    17 |     3 |     4 |    34 ||    68
 Stab: Sleeping          |     1 |       |     7 |     1 |     1 |     2 |     1 |       |       ||    13
       Distracted        |       |       |       |       |       |       |       |       |     3 ||     3
Armor: Robe              |    12 |     3 |     1 |       |       |       |    14 |    44 |    84 ||   158
       Leather armour    |       |       |    23 |    65 |   116 |   113 |    68 |       |       ||   385
       Skin              |       |       |       |       |       |    10 |       |       |       ||    10
Dodge: Dodged            |    29 |    42 |   110 |   139 |   265 |   349 |   180 |   154 |   311 ||  1579
Block: Other             |       |       |       |    36 |    64 |    57 |       |       |       ||   157
       Reflection        |       |       |       |     3 |     1 |     6 |    37 |    31 |    29 ||   107
       Buckler           |       |       |       |       |       |   108 |    33 |       |       ||   141
       Kite shield       |       |       |       |       |       |       |   218 |   224 |   303 ||   745

Table legend: (Time is in decaauts)
 A = Elapsed time spent in this place.
 B = Non-inter-level travel time spent in this place.
 C = Inter-level travel time spent in this place.
 D = Time resting spent in this place.
 E = Time spent auto-exploring this place.
 F = Levels seen in this place.
 G = Mean time per level.
                   A        B        C        D        E       F      G
               +--------+--------+--------+--------+--------+-----+--------+
         Total | 161725 | 151173 |  10552 |  65335 |   4940 |  56 | 2887.9 |
       Dungeon |  39408 |  34951 |   4457 |  10815 |    568 |  15 | 2627.2 |
        Temple |    265 |    265 |      0 |      0 |    193 |   1 |  265.0 |
          Lair |  16862 |  14857 |   2005 |   5709 |    395 |   6 | 2810.3 |
         Swamp |   8554 |   8554 |      0 |   4037 |     59 |   4 | 2138.5 |
   Spider Nest |  15469 |  15356 |    113 |   7581 |   1278 |   4 | 3867.2 |
    Slime Pits |   5086 |   4928 |    158 |   2162 |    114 |   5 | 1017.2 |
  Orcish Mines |   4134 |   3779 |    355 |   1401 |     94 |   2 | 2067.0 |
   Elven Halls |   8920 |   8401 |    519 |   3721 |    420 |   3 | 2973.3 |
        Vaults |  22120 |  20915 |   1205 |  10194 |    690 |   5 | 4424.0 |
        Depths |  17729 |  16803 |    926 |  10042 |    295 |   4 | 4432.2 |
           Zot |  21705 |  20893 |    812 |   9223 |    458 |   5 | 4341.0 |
         Trove |     72 |     72 |      0 |      0 |      0 |   1 |   72.0 |
      Gauntlet |   1394 |   1394 |      0 |    447 |    376 |   1 | 1394.0 |
               +--------+--------+--------+--------+--------+-----+--------+

Top non-repeatable levels by time:
   Zot:5: 5908 daAuts
Depths:1: 5616 daAuts
    D:12: 5527 daAuts
Spider:1: 5338 daAuts
Vaults:2: 4977 daAuts
Vaults:1: 4681 daAuts
   Zot:3: 4670 daAuts
Vaults:3: 4560 daAuts
Depths:3: 4423 daAuts
Depths:2: 4311 daAuts
  Lair:6: 4241 daAuts
Spider:4: 4178 daAuts
Vaults:4: 4005 daAuts
   Zot:1: 3951 daAuts
Vaults:5: 3896 daAuts
